Map: Bel'Shir Vestige LE (Void)

Players

ChrisL

  • Race: Terran Terran
  • League: Diamond
  • Spawn Location: 5:00

Musumeci - Winner!

  • Race: Zerg Zerg
  • League: Diamond
  • Spawn Location: 11:00

VOD

Have the link to the VOD?

Description

Time

  • Played on: March 23, 2017, 10:05 a.m.
  • Length: 14:25
Show
View Real Time Build Order
Export as new Build Order

ChrisL Terran 

Build Orders: Reaper Expand, MMM Bio 

Get SALT Encoding   

  12  0:01  SCV  
  13  0:13  SCV  
  14  0:19  Supply Depot  
  14  0:25  SCV  
  15  0:41  SCV  
  15  0:42  Barracks  
  16  0:46  Refinery  
  16  0:53  SCV  
  17  1:05  SCV  
  18  1:17  SCV  
  19  1:29  Orbital Command  
  19  1:30  Reaper  
  20  1:41  Command Center  
  20  1:51  Barracks  
  20  1:54  SCV  
  21  2:03  Barracks Reactor  
  21  2:06  SCV  
  22  2:10  Refinery  
  22  2:12  Supply Depot  
  22  2:21  SCV  
  23  2:28  Factory  
  23  2:33  SCV  
  24  2:39  Barracks Tech Lab  
  24  2:40  Marine x2  
  26  2:46  SCV  
  27  2:55  Orbital Command  
  27  2:58  SCV  
  27  3:04  Marine x2  
  27  3:05  Marine  
  31  3:06  Stimpack  
  31  3:14  Starport  
  31  3:18  SCV  
  32  3:24  Factory Reactor  
  32  3:25  Marine x3  
  35  3:28  SCV  
  35  3:32  Bunker  
  36  3:41  SCV  
  36  3:42  SCV  
  36  3:48  Marine x3, Supply Depot  
  41  3:56  SCV x2  
  43  4:08  Marine, Medivac  
  43  4:09  Marine x2, Medivac  
  50  4:12  Supply Depot  
  50  4:15  SCV  
  50  4:16  SCV  
  52  4:22  Widow Mine  
  54  4:30  Supply Depot  
  54  4:34  SCV  
  54  4:37  SCV  
  54  4:38  Marine x3  
  58  4:49  SCV  
  58  4:51  Engineering Bay  
  59  4:54  Engineering Bay  
  59  4:56  SCV  
  60  5:01  SCV  
  61  5:07  Combat Shields  
  61  5:15  SCV x2  
  61  5:16  Command Center  
  62  5:27  SCV x2  
  62  5:34  Marine x3  
  62  5:42  Terran Infantry Armor Level 1, Terran Infantry Weapons Level 1  
  62  5:45  Refinery, Barracks  
  62  5:47  Barracks  
  62  5:49  Barracks  
  62  5:52  Marine x2  
  62  5:56  SCV x2  
  64  5:59  Medivac x2  
  64  6:01  Factory Reactor  
  68  6:07  Marauder  
  70  6:13  Supply Depot  
  70  6:15  SCV x2, Marine x2, Supply Depot  
  70  6:16  Supply Depot  
  74  6:28  Supply Depot  
  74  6:30  Orbital Command  
  74  6:34  SCV x2, Refinery  
  74  6:36  Barracks Tech Lab  
  76  6:42  Barracks Tech Lab  
  76  6:44  Marauder, Marine x2  
  76  6:46  Factory Reactor  
  80  6:52  Armory  
  80  6:54  SCV  
  81  6:56  Supply Depot  
  81  6:57  Marauder, Marine x2  
  81  6:58  Medivac  
  81  6:59  Concussive Shells  
  87  7:08  Marauder x2, Marine x2  
  91  7:09  SCV  
  91  7:13  SCV  
  91  7:14  Orbital Command  
  95  7:15  Barracks  
  95  7:18  Marauder  
  95  7:22  SCV  
  98  7:25  SCV  
  96  7:34  SCV  
  90  7:37  SCV  
  90  7:39  Marauder x2, Marine x2  
  90  7:40  Marauder, Marine  
  100  7:44  Supply Depot  
  100  7:46  SCV  
  100  7:49  SCV  
  100  7:51  Terran Infantry Weapons Level 2  
  102  7:52  Terran Infantry Armor Level 2  
  102  7:59  SCV x2  
  102  8:01  Marauder x2, Marine  
  102  8:02  Marauder, Marine x2  
  102  8:03  Barracks Tech Lab  
  113  8:09  SCV  
  114  8:13  SCV x2  
  114  8:14  Barracks x2  
  114  8:19  Supply Depot  
  116  8:21  SCV, Marine x3, Supply Depot  
  116  8:22  Marauder  
  116  8:23  Marauder  
  116  8:25  SCV  
  125  8:31  Marauder x2  
  129  8:34  Marine  
  129  8:35  SCV x2  
  129  8:38  SCV, Supply Depot  
  129  8:39  Marine  
  129  8:41  Refinery  
  134  8:42  Terran Vehicle Weapons Level 1  
  134  8:43  Marauder, Supply Depot  
  134  8:44  Medivac x2, Supply Depot  
  134  8:46  Marauder  
  134  8:47  Marine x2  
  144  8:48  SCV  
  145  8:56  Marauder x2  
  145  8:57  Widow Mine x2  
  145  8:58  Marine x2  
  145  8:59  SCV  
  145  9:01  Supply Depot  
  156  9:03  Supply Depot, Barracks Tech Lab x2  
  156  9:09  Marauder x2, Marine  
  161  9:14  Marine  
  161  9:16  Marine, Medivac x2  
  167  9:17  Marauder, SCV  
  170  9:25  Marauder x2, Refinery  
  170  9:27  Supply Depot  
  170  9:30  Marauder, Marine x4  
  180  9:36  Widow Mine  
  180  9:37  Widow Mine  
  180  9:38  Marine x2  
  186  9:49  Marauder x3  
  186  9:50  Marine, Command Center  
  175  10:32  Marauder, Marine x5  
  119  10:39  Marauder x2  
  119  10:40  Marauder x2  
  117  10:48  Factory Tech Lab  
  117  10:50  Marine  
  117  10:51  Marauder, Terran Infantry Weapons Level 3, Terran Infantry Armor Level 3  
  117  10:53  Marine  
  117  10:54  Marauder, Marine  
  123  11:00  Marine  
  123  11:01  Marauder x4  
  123  11:02  Liberator x2  
  130  11:08  Marine  
  130  11:09  Siege Tank  
  134  11:11  Marine  
  134  11:12  Marauder  
  134  11:15  Marauder  
  134  11:17  Marine  
  134  11:18  Marine  
  141  11:22  Marauder x4  
  155  11:26  Marine  
  155  11:33  Marauder  
  155  11:36  Marauder  
  155  11:38  Marine x2  
  161  11:43  Marauder  
  161  11:44  Marauder x2  
  160  12:11  Factory  
  160  12:20  Supply Depot x2  
  160  12:21  Supply Depot  
  160  12:22  Supply Depot  
  160  12:23  Marauder x2, Marine, Siege Tank  
  160  12:24  Marauder x3  
  156  12:56  Marauder x3  
  159  13:05  Factory Tech Lab  
  159  13:09  Orbital Command  
  159  13:22  SCV  
  151  13:36  Marauder x2  
  151  13:37  Marauder x3, Marine x4  
  151  13:39  SCV x2  
  156  13:46  Medivac x2  
  154  13:58  Marauder  
Show
View Real Time Build Order
Export as new Build Order

Musumeci Zerg - Winner!

Build Orders: Hatch First 

Get SALT Encoding   

  12  0:01  Drone  
  13  0:08  Drone  
  14  0:17  Extractor  
  14  0:18  Drone  
  15  0:41  Hatchery  
  14  0:45  Drone, Extractor  
  15  1:03  Spawning Pool  
  14  1:12  Drone, Extractor  
  14  1:13  Drone, Extractor  
  16  1:18  Overlord  
  16  1:37  Drone x2  
  18  1:45  Drone  
  19  1:49  Queen  
  19  1:52  Queen  
  23  1:55  Drone  
  23  1:58  Drone  
  25  2:04  Overlord  
  25  2:08  Drone  
  27  2:15  Drone  
  27  2:17  Drone, Extractor  
  27  2:25  Drone  
  29  2:30  Queen  
  29  2:35  Queen  
  32  2:39  Drone  
  32  2:40  Drone  
  32  2:44  Overlord  
  34  2:47  Drone  
  34  2:50  Drone  
  36  3:02  Drone x5  
  41  3:05  Overlord  
  41  3:13  Drone x3  
  41  3:17  Extractor  
  41  3:19  Roach Warren  
  42  3:20  Extractor  
  42  3:26  Drone x3  
  43  3:52  Drone x2  
  43  3:53  Drone x3  
  48  4:08  Hatchery  
  47  4:20  Roach  
  47  4:21  Roach, Evolution Chamber x2  
  47  4:22  Overlord x3  
  49  4:38  Drone  
  49  4:39  Drone x2  
  52  4:50  Roach x3  
  52  4:51  Extractor  
  57  4:54  Roach x2  
  61  5:02  Drone x5  
  61  5:05  Extractor  
  65  5:17  Overlord x4  
  63  5:22  Extractor x2  
  47  5:36  Roach  
  47  5:37  Roach x8  
  60  5:43  Roach  
  60  5:44  Roach, Queen  
  60  5:45  Queen  
  68  6:01  Drone x3  
  68  6:02  Drone  
  72  6:08  Hatchery  
  72  6:10  Hatchery  
  70  6:22  Lair  
  70  6:34  Zerg Ground Armor Level 1, Zerg Missile Weapons Level 1  
  70  6:35  Roach x3  
  70  6:36  Roach  
  78  6:41  Overlord x2  
  78  6:54  Overlord x2  
  78  6:55  Overlord  
  78  6:57  Drone  
  78  6:59  Drone x3  
  82  7:11  Drone x5  
  82  7:12  Drone  
  82  7:14  Drone  
  81  7:34  Queen  
  77  7:44  Spore Crawler x2  
  77  7:46  Spore Crawler  
  77  7:47  Ravager  
  77  7:48  Spore Crawler, Ravager x8  
  77  7:49  Roach x5  
  92  7:52  Glial Reconstitution  
  92  8:00  Drone x5  
  97  8:15  Drone x2  
  97  8:16  Drone x5  
  104  8:29  Roach  
  104  8:30  Roach x6  
  104  8:31  Ravager  
  104  8:32  Ravager x2  
  104  8:33  Ravager x2  
  123  8:52  Drone, Spore Crawler  
  123  8:53  Spine Crawler, Drone x4, Spore Crawler  
  123  8:54  Drone  
  123  8:55  Drone  
  127  8:56  Spine Crawler  
  127  8:57  Spine Crawler  
  125  9:05  Roach  
  127  9:10  Ravager  
  127  9:11  Overlord x4  
  127  9:14  Zerg Missile Weapons Level 2  
  128  9:19  Zerg Ground Armor Level 2  
  128  9:41  Ravager x3  
  128  9:42  Ravager x3  
  128  9:43  Roach x11  
  144  10:30  Roach x13  
  136  10:41  Roach x12  
  160  10:58  Overlord x5  
  157  11:04  Roach  
  159  11:29  Ravager x11  
  159  11:30  Ravager x6  
  159  11:32  Roach x2  
  182  11:33  Roach  
  174  12:01  Roach  
  174  12:02  Roach x12  
  200  12:18  Infestation Pit  
  199  12:22  Extractor  
  199  12:23  Extractor  
  160  12:49  Roach x9  
  160  12:50  Roach x5  
  181  13:01  Ravager  
  181  13:02  Ravager x8  
  190  13:22  Spore Crawler  
  190  13:24  Spore Crawler  
  183  13:37  Drone x2  
  183  13:38  Drone x6  
Tags
 
Add a new tag
Caveats
  • Supply blocks, unpowered buildings, or Contaminate may cause inaccurate times.
  • Supply counts are checked every 10 seconds.